[Event "55th Biel Festival MTO 2022"]
[Site "Biel"]
[Date "2022.07.18"]
[Round "5.13"]
[White "Banusz Tamas"]
[Black "Materia, Marco"]
[Result "1-0"]
[ECO "D35"]
[WhiteElo "2611"]
[BlackElo "2409"]
[Annotator "TA"]
[PlyCount "75"]
[EventDate "2022.07.13"]
[EventType "swiss"]
[EventCountry "SUI"]
[SourceTitle "playchess.com"]
[Source "ChessBase"]
[SourceQuality "1"]
[TimeControl "40/5400+30:1800+30"]

1. d4 Nf6 2. c4 e6 3. Bf4 d5 4. cxd5 exd5 5. e3 Bd6 6. Bxd6 Qxd6 7. Bd3 O-O 8. Nc3 Re8 9. h3 c6 10. Qc2 Nbd7 11. Nf3 Nf8 12. O-O Ng6 13. Rab1 Bd7 14. b4 a6 15. Na4 {[%emt 0:04:37] D35: Queen's Gambit Declined: Exchange Variation.} Rad8 (15... Ne4 $14) 16. Nc5 $16 Bc8 17. a4 {[%emt 0:01:49] White is better.} Nd7 18. Bf5 Qf6 19. Bxd7 {[%emt 0:03:11] White is more active.} (19. Rfc1 {keeps more tension.} Re7 20. Nxd7 Bxd7 21. Bxd7 Rexd7 22. b5) 19... Bxd7 20. Nxd7 Rxd7 21. b5 axb5 22. axb5 h6 23. Rfc1 {[%emt 0:01:06][%cal Rb5c6,Bf1c1,Bc1a1,Ba1a7][%mdl 32] [#]} Rd6 $146 ({Predecessor:} 23... Rc8 24. Qd3 Rdc7 25. Rc5 Qd6 26. bxc6 bxc6 27. Qa6 f5 28. g3 Qe6 {1-0 (41) Wilde,P (2245)-Ehrlich,T (1999) Germany 2010}) 24. bxc6 bxc6 25. Rb7 Rc8 26. Ra1 Re6 27. Raa7 Ne7 $2 {[%emt 0:01:02] A mistake that costs the game.} (27... Re7 $16 28. Rxe7 Nxe7) 28. Ne5 $18 Re8 29. Qc5 h5 30. Qb4 {[%emt 0:08:47] [#] Strongly threatening Rb8.} Kh7 31. Qb1+ g6 (31... Qf5 $142 32. Nxf7 Qxb1+ 33. Rxb1 Nc8) 32. Rb8 Rxb8 33. Qxb8 g5 $2 {[%emt 0:03:36] [#]} (33... Qh8 34. Qxh8+ Kxh8 35. Nxf7+ Kg8) 34. Nd7 Qh8 35. Qxh8+ Kxh8 36. Nc5 Nc8 37. Rxf7 ({Weaker is} 37. Nxe6 Nxa7 38. Nxg5 Kg7 $18) 37... Re8 38. Rf5 {[%emt 0:00:34] Weighted Error Value: White=0.31/Black=0.29 (precise)} 1-0

[Event "55th Biel Festival MTO 2022"]
[Site "Biel"]
[Date "2022.07.18"]
[Round "5.14"]
[White "Gaehwiler Gabriel"]
[Black "Petrov Martin"]
[Result "0-1"]
[ECO "E08"]
[WhiteElo "2420"]
[BlackElo "2534"]
[Annotator "TA"]
[PlyCount "64"]
[EventDate "2022.07.13"]
[EventType "swiss"]
[EventCountry "SUI"]
[SourceTitle "playchess.com"]
[Source "ChessBase"]
[SourceQuality "1"]
[TimeControl "40/5400+30:1800+30"]

1. d4 Nf6 2. c4 e6 3. Nf3 d5 4. g3 Bb4+ 5. Bd2 Be7 6. Bg2 O-O 7. Qc2 Nbd7 8. O-O c6 9. Bf4 b6 10. Rd1 {[%emt 0:01:06] 10.Nbd2 injects fresh life into this line.} Ba6 {[%emt 0:00:25] E08: Closed Catalan: Main Line: 7 Qc2.} 11. Ne5 (11. cxd5 {with more complications.} cxd5 12. Ne5 Nxe5 13. dxe5 Ng4 14. Bf3) 11... Rc8 12. Nc3 Bxc4 {[%emt 0:09:19] The position is equal.} 13. Nxc4 dxc4 14. e4 {[%emt 0:16:16] Inhibits Nd5.} b5 15. d5 cxd5 16. exd5 e5 17. d6 {[%emt 0:10:28] Threatens to win with Be3.} exf4 18. Nxb5 Rc5 {[%emt 0:01:51] [#]} 19. Qa4 $146 {[%emt 0:08:30] [#]} (19. dxe7 $11 Qxe7 20. Nd6) ({Predecessor:} 19. a4 a6 20. dxe7 Qxe7 21. Nd6 fxg3 22. hxg3 h5 23. Rd4 Rb8 24. Rad1 Nf8 25. Rxc4 Rxc4 26. Nxc4 {½-½ (56) Yuffa,D (2566)-Matlakov,M (2704) Sochi 2018}) 19... Bxd6 20. Nxd6 $11 {[%emt 0:00:11] Nb7 is the strong threat.} Qc7 21. Rac1 (21. gxf4 Nb6 22. Qc2 Nbd5 23. Bxd5 Rxd5 $17) 21... Nb6 22. Qa6 c3 23. bxc3 Rxc3 24. Rxc3 Qxc3 25. Qxa7 Qc2 26. Bf3 Na4 {[%emt 0:00:28] [#]} (26... Nbd7 $11) 27. Qe7 ({Don't play} 27. gxf4 Nb2 28. Ra1 Qd3 $15) (27. Nxf7 $1 $14 Qxa2 28. Ng5 fxg3 29. hxg3) 27... Nc3 {[%emt 0:01:03] Pair of Knights!} 28. Rd4 Qxa2 $40 {[%emt 0:01:02][%mdl 128] Black is up to no good.} 29. gxf4 $2 (29. Nc4 $11 fxg3 30. hxg3) 29... Qa1+ $19 30. Kg2 {[%emt 0:00:04] aiming for Rd3.} Ne2 $1 {[%emt 0:00:37] Dancing on a razor blade.} 31. Rc4 $2 (31. Bxe2 $19 Qxd4 32. Qe5) 31... Qg1+ 32. Kh3 Qf1+ {[%emt 0:00:16] Weighted Error Value: White=0.67/Black=0.08 (flawless)} 0-1

[Event "55th Biel Festival MTO 2022"]
[Site "Biel"]
[Date "2022.07.18"]
[Round "5.15"]
[White "Iniyan P"]
[Black "Song, Julien"]
[Result "1-0"]
[ECO "D33"]
[WhiteElo "2533"]
[BlackElo "2391"]
[Annotator "TA"]
[PlyCount "131"]
[EventDate "2022.07.13"]
[EventType "swiss"]
[EventCountry "SUI"]
[SourceTitle "playchess.com"]
[Source "ChessBase"]
[SourceQuality "1"]
[TimeControl "40/5400+30:1800+30"]

1. d4 d5 2. c4 e6 3. Nc3 c5 4. cxd5 exd5 5. Nf3 Nc6 6. g3 Nf6 7. Bg2 cxd4 {[%emt 0:00:14] now supersedes 7...Be7.} 8. Nxd4 Bc5 9. Nb3 Bb6 {[%emt 0:00:22] D33: Tarrasch Defence: 6 g3 sidelines.} 10. O-O ({Much weaker is} 10. Bxd5 Nb4 11. Bf3 Qxd1+ 12. Kxd1 O-O $11) 10... d4 11. Na4 O-O {[%emt 0:00:16] White is slightly better.} 12. Bg5 h6 (12... Re8 {is interesting.} 13. Nxb6 axb6 14. e3 dxe3 15. Bxe3 Bd7) 13. Bxf6 (13. Bxc6 {is more complex.} bxc6 14. Bxf6 Qxf6 15. Nxb6 axb6 16. Qxd4 Rd8 17. Qxf6 gxf6 18. Rfc1) 13... Qxf6 14. Nxb6 axb6 15. Bxc6 bxc6 16. Qxd4 Rd8 17. Qxf6 gxf6 {[%emt 0:00:20] [#]} 18. Rfc1 $146 ({Predecessor:} 18. Rfd1 Rxd1+ 19. Rxd1 Be6 20. Nc1 Bxa2 21. Nxa2 Rxa2 22. Rd6 Kg7 23. Rxc6 Rxb2 24. e4 {½-½ (32) Karjakin,S (2743)-Dubov,D (2720) Wijk aan Zee 2022}) 18... Be6 19. Kf1 $1 Ra4 $1 20. Rc3 c5 21. Ke1 c4 22. Nd2 b5 23. Rcc1 Rda8 24. a3 Kg7 25. f3 f5 26. Kf2 Kf6 27. Ke3 h5 28. h4 Rg8 29. Kf2 Rb8 30. Rab1 Ra7 31. Nf1 b4 32. axb4 Rxb4 33. Ne3 Rd7 (33... Rab7 $16 34. Ng2 Rxb2 35. Rxb2 Rxb2) 34. Rc2 f4 35. gxf4 Bf5 (35... Rd4 {might work better.} 36. Ng2 Ke7) 36. Nxf5 $18 Kxf5 {[%emt 0:00:02][%mdl 4096] Endgame KRR-KRR} 37. Rbc1 {[%emt 0:02:10] Black must now prevent Kg3.} Rd4 $2 (37... Rc7 38. Ra1 Kf6) 38. e3 Rd3 39. Rxc4 Rd2+ {[%emt 0:00:49] [#]} 40. Kg3 $1 Rbxb2 41. e4+ Kf6 42. Rc6+ Kg7 {[%emt 0:05:14] ( -> ...Rg2+)} 43. f5 Rg2+ 44. Kf4 {[%emt 0:00:09] Strongly threatening e5.} Rbd2 45. Rc7 {[%emt 0:00:35] Threatens to win with e5.} Rd3 46. R7c2 Rxc2 47. Rxc2 {[%emt 0:00:06] KR-KR} f6 48. Re2 Rd4 $2 (48... Ra3 {keeps fighting.} 49. Rg2+ Kf7) 49. Re3 Kf7 $2 (49... Rd1 50. Rc3 Rh1 51. Rc7+ Kg8) 50. Ra3 Kg7 51. Ke3 Rd1 52. Kf2 Rh1 $2 (52... Rd2+ 53. Kg3 Rd1) 53. Kg2 Re1 54. Kf2 Rh1 55. Re3 $2 (55. Rd3 Kh7 56. Rd6) 55... Rh2+ $2 (55... Kf8 56. Re1 Rh2+ 57. Kg3 Ra2) 56. Kg3 Rh1 57. Kg2 Ra1 58. f4 Kf7 59. e5 $2 (59. Rc3 Ra5 60. Kf2) 59... Ke7 $2 (59... Ra5 60. Kh3 Ra4) 60. Rb3 fxe5 61. fxe5 {[%emt 0:00:10] White mates.} Ra5 62. Rb7+ Kf8 {[%emt 0:00:14] [#]} 63. Rb8+ $1 Kf7 64. e6+ Kf6 65. Rf8+ Ke7 66. Rf7+ {[%emt 0:00:06] Weighted Error Value: White=0.02 (flawless) /Black=0.24 (precise)} 1-0

[Event "55th Biel Festival MTO 2022"]
[Site "Biel"]
[Date "2022.07.18"]
[Round "5.16"]
[White "Gagare Shardul"]
[Black "Haimovich, Tal"]
[Result "1-0"]
[ECO "C55"]
[WhiteElo "2514"]
[BlackElo "2372"]
[Annotator "TA"]
[PlyCount "127"]
[EventDate "2022.07.13"]
[EventType "swiss"]
[EventCountry "SUI"]
[SourceTitle "playchess.com"]
[Source "ChessBase"]
[SourceQuality "1"]
[TimeControl "40/5400+30:1800+30"]

1. e4 e5 2. Bc4 Nf6 3. d3 Nc6 4. Nf3 Be7 5. O-O O-O 6. h3 d6 7. a4 $1 {[%emt 0:00:39][%mdl 4] outshines the older 7.Nc3.} Kh8 {[%emt 0:01:29] C55: Two Knights: 4 d3, 4 d4 exd4 5 e5 and Max Lange Attack.} 8. Nc3 Ng8 9. Nd5 f5 {[%emt 0:01:55] [#] White is slightly better.} 10. Ra3 $146 ({Predecessor:} 10. b4 fxe4 11. dxe4 Bf6 12. b5 Nce7 13. Nxf6 Nxf6 14. Re1 Qe8 15. Ra3 Qh5 16. Rc3 Bxh3 17. gxh3 Qxh3 {1-0 (78) Arjun,K (2477)-Priasmoro,N (2501) Chess.com INT 2022}) 10... Bf6 11. Re1 ({Don't play} 11. Nxf6 Nxf6 12. Re1 fxe4 13. dxe4 Qe8 $11) 11... Nce7 (11... a5 $11) 12. Nxf6 $16 {[%emt 0:23:35] 0x0.0013ba169fbcdp-1022s more active pieces. The black rooks are badly placed.} Nxf6 13. d4 $1 Nxe4 14. dxe5 d5 15. Ba2 c6 16. c4 Be6 17. Nd4 Bg8 18. cxd5 Bxd5 19. Bb1 Ng6 20. f3 Ng3 {[%emt 0:00:44] [#]} 21. f4 $1 Ne4 {[%emt 0:01:01] [#]} (21... Be4 $16) 22. Kh2 $1 $18 Ne7 {[%emt 0:06:20] [#]} 23. Nxf5 $1 Nxf5 24. Bxe4 Bxe4 25. Qxd8 Raxd8 26. Rxe4 Rd1 27. Rc3 Kg8 (27... Ne7 $142 28. e6 Kg8) 28. g4 Ne7 29. f5 Nd5 30. Rc2 Re8 31. e6 Rd3 (31... h6 $142 32. Bd2 Rf1) 32. Rf2 h6 33. Kg2 Kf8 (33... Nf6 {might work better.}) 34. h4 Ke7 35. g5 hxg5 36. Bxg5+ Kd6 37. h5 Rh8 38. Rh4 ({Less strong is} 38. e7 Kd7 39. Re6 Ke8 $16) 38... Ne3+ (38... Rg8 {keeps fighting.} 39. Rg4 Rc8 40. Bf4+ Nxf4+ 41. Rfxf4 Rd2+ 42. Kf3 Rxb2) 39. Kh2 {[%emt 0:01:03] aiming for Rf3.} Nd5 40. h6 gxh6 41. Bxh6 (41. f6 $142) 41... Re8 42. f6 Nxf6 43. Rxf6 Rxe6 44. Bf8+ Ke5 45. Rf2 {[%emt 0:00:16] And now Rh7 would win.} Rg6 (45... b6 $142 46. Rh7 Re3 47. Rxa7 Kd5) 46. Rh7 {[%emt 0:00:39] Strongly threatening Re2+.} Rg4 47. Re7+ Kd4 48. Rxb7 {[%emt 0:01:00] Rb4+ is the strong threat. White is clearly winning.} a5 {[%emt 0:00:58] Against Rb4+} 49. Ra7 Rg5 50. Be7 Rh5+ 51. Kg2 Kc4 52. Rb7 Rd4 53. Bf6 Rg4+ 54. Kf3 Rg6 55. Ke3 Rg4 56. Rf4+ Rxf4 57. Kxf4 {[%emt 0:00:02][%mdl 4096] Endgame KRB-KR} Rh3 58. Bc3 Rh5 59. Ke3 Rd5 60. Rb6 Rh5 61. Kd2 Rh2+ 62. Kc1 Rh4 63. Bxa5 {[%emt 0:00:50] Rb4+ would kill now.} Kd3 64. Rb3+ {[%emt 0:00:13] Weighted Error Value: White=0.12 (very precise) /Black=0.34} 1-0

[Event "55th Biel Festival MTO 2022"]
[Site "Biel"]
[Date "2022.07.18"]
[Round "5.17"]
[White "Bharath Subramaniyam H"]
[Black "Papadiamandis, Elliot"]
[Result "1-0"]
[ECO "B51"]
[WhiteElo "2479"]
[BlackElo "2369"]
[Annotator "TA"]
[PlyCount "95"]
[EventDate "2022.07.13"]
[EventType "swiss"]
[EventCountry "SUI"]
[SourceTitle "playchess.com"]
[Source "ChessBase"]
[SourceQuality "1"]
[TimeControl "40/5400+30:1800+30"]

1. e4 c5 2. Nf3 d6 3. Bb5+ Nd7 4. d4 cxd4 5. Nxd4 Ngf6 6. O-O {[%emt 0:00:09] B51: Sicilian: Moscow Variation (3 Bb5+) without 3...Bd7.} g6 (6... e5 $5 7. Nb3 Nxe4 $11) 7. Re1 Bg7 8. Bf1 {[%emt 0:00:11] The position is equal.} Nc5 9. Nc3 O-O 10. a4 {[%emt 0:07:06] [#]} Bd7 $146 ({Predecessor:} 10... d5 11. e5 Nfe4 12. Nxe4 dxe4 13. Bf4 Qc7 14. Nb5 Qb8 15. Qd4 b6 16. b4 Ne6 17. Qxe4 {1-0 (37) Msellek,I (2384)-El Jawich,A (2309) Dubai 2021}) 11. a5 Rc8 12. f3 a6 13. Be3 Re8 14. Qd2 Qc7 15. Ra3 Qb8 16. Qf2 e5 17. Nb3 Be6 (17... Nxb3 $11 18. Rxb3 Qc7) 18. Nxc5 $14 dxc5 19. Na4 c4 20. Nb6 Rc6 21. Rd1 Rd8 22. Raa1 Bf8 23. c3 Be7 24. Be2 Rxd1+ 25. Rxd1 Qc7 {[%emt 0:00:15] Black is now going downhill.} ({Better is} 25... Qe8 $14) 26. Nd5 $16 {[%emt 0:02:49] White is more active.} Bxd5 27. exd5 Rd6 28. Bb6 $36 {[%emt 0:00:08][%mdl 2048] White is on the roll.} Qc8 {[%emt 0:04:49][%cal Od6b6] [#] Strongly threatening ...Rxb6!} 29. Bc5 Nd7 30. Bxd6 $18 Bxd6 31. Kh1 f5 (31... Kg7 {is a better defense.} 32. g3 Nf6) 32. Qh4 Qc7 33. Qxc4 Qd8 (33... Qxc4 $142 34. Bxc4 Kf7) 34. g3 Nf6 35. b4 Kg7 36. Qd3 h5 37. Qd2 Qe7 38. c4 {[%emt 0:00:25] Hoping for c5.} Bxb4 39. d6 Bxd2 40. dxe7 Bxa5 {[%emt 0:01:06][%mdl 4096] Endgame [#] KRB-KBN} 41. Rd7 $3 Kf7 42. Rxb7 {[%emt 0:02:19] c5 is the strong threat.} Ng8 (42... Ne8 {might work better.} 43. c5 Nc7 44. Bc4+ Kxe7 45. Bxa6 Kd7 46. Bb5+ Kd8) 43. c5 {[%emt 0:00:38] White threatens Bc4+ and mate. White is clearly winning.} Nxe7 44. c6 Kf6 45. c7 Ke6 46. Bxa6 Kd6 47. c8=Q Nxc8 48. Rb5 {[%emt 0:00:00][%csl LRa5,LRc8] Weighted Error Value: White=0.09 (flawless) /Black=0.26 (precise)} 1-0

[Event "55th Biel Festival MTO 2022"]
[Site "Biel"]
[Date "2022.07.18"]
[Round "5.18"]
[White "Stijve, Theo"]
[Black "Rathanvel V S"]
[Result "1/2-1/2"]
[ECO "B51"]
[WhiteElo "2394"]
[BlackElo "2478"]
[Annotator "TA"]
[PlyCount "67"]
[EventDate "2022.07.13"]
[EventType "swiss"]
[EventCountry "SUI"]
[SourceTitle "playchess.com"]
[Source "ChessBase"]
[SourceQuality "1"]
[TimeControl "40/5400+30:1800+30"]

1. e4 c5 2. Nf3 d6 3. Bb5+ Nd7 4. d4 cxd4 5. Nxd4 Ngf6 6. O-O {[%emt 0:00:10] B51: Sicilian: Moscow Variation (3 Bb5+) without 3...Bd7.} a6 7. Bd3 Nc5 8. Re1 {[%emt 0:00:21] The position is equal.} e5 9. Nf3 {[%emt 0:00:19] [#]} h6 $146 ({Predecessor:} 9... Be7 10. c4 O-O 11. Nc3 Nxd3 12. Qxd3 Bg4 13. b3 Rc8 14. Bd2 Nd7 15. h3 Nc5 {1-0 (95) Sokolovsky,Y (2390)-Parkhov,Y (2434) Safed 2021}) 10. c4 Nxd3 11. Qxd3 Be7 12. Nc3 O-O 13. Nd2 Be6 14. Nf1 Rc8 15. b3 Nd7 (15... b5 $1 $11) 16. Bb2 $14 Nc5 17. Qe2 f5 18. exf5 $1 Rxf5 19. Ng3 ({White should try} 19. Rad1 $16) 19... Rf7 $11 20. Rad1 Qa5 {[%emt 0:07:30][%cal Ob7b5] Inhibits Ba3.} 21. Ba1 Qb6 22. Nge4 Nxe4 23. Nxe4 Qc6 24. Nc3 Rcf8 25. Rf1 Qb6 {[%emt 0:04:34][%cal Oe6g4] [#] aiming for ...Bg4!} 26. Nd5 Bxd5 27. Rxd5 Bg5 {[%emt 0:01:15][%cal Of7f2] Threatens to win with ...Rxf2!} 28. c5 Qc6 29. Rxd6 Qxc5 30. Qxe5 Qc2 (30... Qxe5 $14 31. Bxe5 Re8) 31. Qb2 Rc8 {[%emt 0:00:02] White is slightly better.} 32. a4 Qf5 33. Rdd1 Rc2 34. Qe5 {[%emt 0:02:59] Weighted Error Value: White=0.10 (very precise) /Black=0.10 (very precise)} 1/2-1/2

[Event "55th Biel Festival MTO 2022"]
[Site "Biel"]
[Date "2022.07.18"]
[Round "5.19"]
[White "Pavlovic Milos"]
[Black "Karthik Rajaa"]
[Result "1/2-1/2"]
[ECO "B10"]
[WhiteElo "2461"]
[BlackElo "2331"]
[Annotator "TA"]
[PlyCount "89"]
[EventDate "2022.07.13"]
[EventType "swiss"]
[EventCountry "SUI"]
[SourceTitle "playchess.com"]
[Source "ChessBase"]
[SourceQuality "1"]
[TimeControl "40/5400+30:1800+30"]

1. e4 c6 2. Nf3 d5 3. d3 Bg4 4. h3 Bh5 5. Qe2 e6 6. g4 {[%emt 0:08:00] B10: Caro-Kann: 2 d3 and 2 c4.} Bg6 7. h4 dxe4 8. dxe4 {[%emt 0:01:31] White has an edge.} h5 9. g5 {[%emt 0:03:26] [#]} Qc7 $146 {[%emt 0:09:27] Inhibits Bf4.} ({Predecessor:} 9... Nd7 10. Nbd2 Qc7 11. Bg2 a5 12. b3 a4 13. Bb2 b5 14. a3 f6 15. c4 b4 {0-1 (34) Michalik,P (2568)-Ghaem Maghami,E (2519) Warsaw 2021}) 10. Nc3 Nd7 11. Bd2 Bd6 12. O-O-O O-O-O 13. Nd4 Ne7 14. Bh3 Bf4 {[%emt 0:06:56] [#]} (14... Nc5 $11 {remains equal.}) 15. Bxe6 $1 $16 fxe6 (15... Be5 16. Bxd7+) 16. Nxe6 Bxd2+ 17. Qxd2 Qe5 (17... Nb6 {is a better defense.} 18. Qxd8+ (18. Nxc7 Rxd2 19. Rxd2 Kxc7 $16) (18. Nxd8 Rxd8 19. Qxd8+ Qxd8 $16) 18... Rxd8) 18. Nxd8 $18 Rxd8 19. Rh3 Qc7 (19... Bxe4 $2 20. Re3 Qf4 21. Nxe4 $18) 20. Rd3 Bf7 21. f4 Ng6 22. Rd6 {[%emt 0:00:09] Threatens to win with Qd4.} Ngf8 $2 (22... Ne7 23. Rd3 Ng6) 23. Qd4 Qb6 24. Qd2 (24. Qxg7 $142 Qe3+ 25. R6d2 Qxf4 26. Ne2) 24... Qc7 $1 25. f5 Re8 26. Qd4 Ne5 $2 (26... g6 27. Qxa7 Qb6) 27. Qxa7 {[%emt 0:00:14] Black must now prevent Qa8+.} Nfd7 28. Na4 b5 29. Qa8+ Nb8 30. Nc5 b4 31. g6 Bc4 32. Kb1 Qb6 33. Nd7 $2 (33. Na4 Qa6 {[#]} 34. Rd8+ $3 Rxd8 35. Rxd8+ Kxd8 36. Qxb8+ Qc8 37. Qxe5) 33... Nexd7 34. Rxd7 {[%emt 0:00:02] The board is on fire.} Be2 35. R1d4 ({Stronger than} 35. Rxg7 Bxd1 36. f6 Bf3 $17) 35... Ba6 36. b3 $2 (36. Qa7 $18 Qxa7 37. Rxa7) 36... Bb7 $14 {[%emt 0:00:25] [#]} 37. Rxb7 Qxb7 38. Qa5 {[%emt 0:00:06] And now f6 would win. White is more active.} Qc7 (38... Qb5 $14 39. Qa7 (39. Qxb4 Qxb4 40. Rxb4 Nd7 $11) 39... Qf1+ 40. Kb2 Qe1) 39. Qxb4 $16 c5 (39... Qe5 $16 40. Qb6 Qc7) 40. Qb5 $36 {[%emt 0:00:29][%mdl 2048] White has strong initiative.} Qc6 41. Qxc6+ Nxc6 42. Rd5 {[%emt 0:01:15] f6 is the strong threat.} Rxe4 $2 (42... Ne5 $16 {was called for.} 43. Rxc5+ Kb7) 43. Rxc5 Kd7 44. f6 $1 gxf6 45. Rxh5 {[%emt 0:00:00] Weighted Error Value: White=0.51/Black=0.43} 1/2-1/2

[Event "55th Biel Festival MTO 2022"]
[Site "Biel"]
[Date "2022.07.18"]
[Round "5.20"]
[White "Aziz, Husain"]
[Black "Licznerski Lukasz"]
[Result "0-1"]
[ECO "B13"]
[WhiteElo "2380"]
[BlackElo "2451"]
[Annotator "TA"]
[PlyCount "92"]
[EventDate "2022.07.13"]
[EventType "swiss"]
[EventCountry "SUI"]
[SourceTitle "playchess.com"]
[Source "ChessBase"]
[SourceQuality "1"]
[TimeControl "40/5400+30:1800+30"]

1. e4 c6 2. d4 d5 3. exd5 cxd5 4. Bd3 Nc6 5. c3 Nf6 6. h3 g6 7. Nf3 {[%emt 0:00:31] B13: Caro-Kann: Exchange Variation and Panov-Botvinnik Attack.} Bf5 8. Ne5 {[%emt 0:03:12] Recently 8.Be2 got a lot of attention.} Nxe5 9. dxe5 {[%emt 0:00:59] The position is equal.} Bxd3 10. Qxd3 Ne4 11. Nd2 Nxd2 12. Bxd2 Bg7 13. f4 {[%emt 0:00:17] [#]} Rc8 $146 ({Predecessor:} 13... O-O 14. Be3 Qd7 15. O-O-O Rfd8 16. g4 Qa4 17. Kb1 Rac8 18. Bd4 Qc4 19. Qd2 Rc6 {1-0 (33) Shevchenko,K (2592)-Girya,O (2469) Chess.com INT 2020}) 14. O-O-O e6 15. Kb1 Rc6 16. Be3 Qa5 17. g4 O-O 18. Bd4 Ra6 19. a3 Rc8 (19... Qa4 $142) 20. f5 Bf8 21. Rh2 Qa4 22. Rf1 Qb3 {[%emt 0:04:32] aiming for ...Rxa3.} 23. fxe6 Rxe6 24. Rhf2 ({But not} 24. Qf3 $6 Rc7 $14) (24. h4 $1 $16) 24... Rc7 $1 $11 25. Qc2 Qb5 26. Ka2 Bg7 27. Qb3 (27. Bxa7 $14 Bxe5 28. Qb3) 27... Qxb3+ $15 28. Kxb3 a6 29. Rd1 Bxe5 30. Bxe5 (30. Rfd2 $15) 30... Rxe5 $11 {[%emt 0:00:01][%mdl 4096] Endgame KRR-KRR} 31. Rfd2 Rc5 (31... Rd7 $17) 32. Kc2 $1 h5 33. Rd4 (33. b4 $1 $11 Rc4 34. Rxd5 Rxd5 35. Rxd5) 33... hxg4 $17 34. hxg4 Kg7 ({Better is} 34... Rc4 $17) 35. a4 (35. b4 $1 $11 Rc4 36. Rxd5 Rxd5 37. Rxd5) 35... Rc4 $15 36. a5 $2 {[%emt 0:00:45] [#] White does not recover from this.} ({White should play} 36. Rxd5 $15 Rxd5 37. Rxd5) 36... Rxd4 $1 $19 37. Rxd4 {[%emt 0:00:09] [#] KR-KR} Kh6 $1 38. b4 Kg5 {[%emt 0:00:38] Inhibits Rf4.} 39. c4 $2 (39. Kd1) 39... dxc4 40. Rd7 Rb5 41. Kc3 Kxg4 42. Rxf7 g5 {[%emt 0:00:09] Threatens to win with ...Kh3.} 43. Kxc4 Kg3 44. Rc7 g4 45. Rc5 Rxc5+ 46. Kxc5 Kf4 {[%emt 0:00:00] Weighted Error Value: White=0.86/Black=0.18 (very precise)} 0-1

[Event "55th Biel Festival MTO 2022"]
[Site "Biel"]
[Date "2022.07.18"]
[Round "5.22"]
[White "Gurel Ediz"]
[Black "Lou Vincent"]
[Result "1-0"]
[ECO "B90"]
[WhiteElo "2435"]
[BlackElo "2200"]
[Annotator "TA"]
[PlyCount "113"]
[EventDate "2022.07.13"]
[EventType "swiss"]
[EventCountry "SUI"]
[SourceTitle "playchess.com"]
[Source "ChessBase"]
[SourceQuality "1"]
[TimeControl "40/5400+30:1800+30"]

1. e4 c5 2. Nf3 d6 3. d4 cxd4 4. Nxd4 Nf6 5. Nc3 a6 6. h3 e5 7. Nde2 h5 {[%emt 0:00:19] B90: Sicilian Najdorf: Unusual White 6th moves, 6 Be3 Ng4 and 6 Be3 e5.} 8. g3 Be7 9. Bg2 b5 {[%emt 0:01:58] The position is equal.} 10. Nd5 Nbd7 11. Nxe7 Qxe7 12. Nc3 Bb7 13. Bg5 Qe6 14. O-O O-O (14... Rc8 {is more complex.} 15. h4 O-O 16. a3 Rxc3 17. bxc3 Nxe4 18. Qxh5 Ndf6) 15. h4 Rac8 {[%emt 0:07:12] [#]} 16. Nd5 $146 ({Predecessor:} 16. Re1 b4 17. Nd5 Nxd5 18. exd5 Qg6 19. Bf3 Nf6 20. Bxf6 Qxf6 21. Bxh5 Rc4 22. Re3 e4 23. c3 {½-½ (23) Frolyanov,D (2533)-Savitskiy,S (2431) Cheliabinsk 2021}) 16... Bxd5 17. exd5 Qf5 18. c3 Rfe8 19. a4 e4 20. axb5 axb5 21. Ra6 Nxd5 22. Rxd6 N7f6 23. Qe2 e3 (23... Rc5 $11) 24. Qf3 ({Reject} 24. fxe3 Qe5 25. Ra6 (25. Rxd5 Nxd5 26. Qxh5 Nf6 $11) 25... Nxe3 $11) 24... exf2+ (24... Qxf3 25. Bxf3 Re5 26. fxe3 $16) 25. Qxf2 Qxf2+ 26. Rxf2 Re1+ 27. Rf1 Re5 28. Rd1 Ne3 29. Re1 $36 {[%emt 0:01:27][%mdl 2048] Black is under pressure.} Nfg4 30. Bb7 {[%emt 0:01:37] A strong pair of Bishops.} (30. Bh3 $5 Ra8 31. Bxg4 Nxg4 32. Rxe5 Nxe5 33. Rd5 Nf3+ 34. Kf1 $14) 30... Rb8 31. Bf4 Re7 {[%emt 0:00:07] [#] This costs Black the game.} (31... Nc4 $1 $11 {and Black stays safe.} 32. Bxe5 Nxd6 33. Bxd6 Rxb7) 32. Bf3 $1 $18 {[%emt 0:00:24] Hoping for Bxg4.} Rbe8 {[%emt 0:01:26] [#]} 33. Rb6 $1 Nc4 34. Rxe7 Rxe7 35. Rb8+ ({Much less strong is} 35. Rxb5 Re1+ 36. Kg2 Nce3+ 37. Bxe3 Rxe3 38. Rxh5 Ne5 $18) 35... Kh7 36. Rxb5 Re1+ 37. Kg2 g6 38. Bxg4 hxg4 {[%emt 0:00:12][%mdl 4096] Endgame KRB-KRN} 39. Rb4 Na5 (39... Ne5 $142 40. Bxe5 Rxe5) 40. Kf2 Rb1 41. Ke2 Kg7 42. Kd3 Nc6 43. Rb6 Ne7 (43... Nd8 {was necessary.} 44. b4 Ne6) 44. Be5+ Kh6 45. Rb7 Nd5 46. c4 f6 47. Bd4 Nf4+ 48. gxf4 {[%emt 0:00:00] KRB-KR} g3 49. Ke2 {[%emt 0:00:00] aiming for Kf3.} g2 50. c5 Rc1 51. Kf3 Rd1 52. Bf2 g1=Q 53. Bxg1 Rxg1 54. c6 {[%emt 0:00:00] And now c7 would win.} Rc1 55. c7 {[%emt 0:00:00] Black must now prevent b4.} f5 56. b4 {[%emt 0:00:00] Threatening mate with Ra7.} Kh5 57. c8=Q {[%emt 0:00:00] Weighted Error Value: White=0.09 (flawless) /Black=0.36} 1-0